 Dungeon Crawl Stone Soup version 0.27.1-34-g3ba077fa99 (webtiles) character file.

Game seed: 1469971500833772273

755 cbfl8 the Shield-Bearer (level 7, -3/44 HPs)
             Began as a Gargoyle Fighter on Jan 13, 2022.
             Was an Initiate of Yredelemnul.
             Slain by Grum (11 damage)
             ... on level 5 of the Dungeon.
             The game lasted 00:18:19 (6000 turns).

cbfl8 the Shield-Bearer (Gargoyle Fighter)          Turns: 6000, Time: 00:18:19

Health: -3/44      AC: 14    Str: 20    XL:     7   Next: 79%
Magic:  7/7        EV:  8    Int: 10    God:    Yredelemnul [......]
Gold:   223        SH: 10    Dex:  9    Spells: 2/6 levels left

rFire    . . .     SeeInvis .   r - +1 hand axe (elec)
rCold    . . .     Faith    .   c - +0 kite shield
rNeg     + . .     Spirit   .   b - +0 scale mail
rPois    ∞         Reflect  .   k - +0 helmet
rElec    +         Harm     .   q - scarf {repulsion}
rCorr    .         Rampage  .   v - +0 pair of gloves
Will     .....                  (no boots)
Stlth    ..........             (no amulet)
HPRegen  0.14/turn              (no ring)
MPRegen  0.10/turn              (no ring)

@: repel missiles
A: sickness immunity, AC +4, negative energy resistance 1, electricity
resistance, torment resistance 1, petrification resistance
a: Renounce Religion


You were on level 5 of the Dungeon.
You worshipped Yredelemnul.
Yredelemnul was noncommittal.
You visited 2 branches of the dungeon, and saw 6 of its levels.

You collected 223 gold pieces.

Inventory:

Hand Weapons
 a - a +0 flail
 f - a +1 vampiric dagger
 r - a +1 hand axe of electrocution (weapon)
 u - a +2 dagger of venom
Missiles
 e - 119 stones (quivered)
 w - 2 throwing nets
 x - 67 arrows
Armour
 b - a +0 scale mail (worn)
 c - a +0 kite shield (worn)
 g - a +2 cloak of preservation
 h - a +0 robe
 i - a +0 ring mail
 k - a +0 helmet (worn)
 p - a scarf of resistance
 q - a scarf of repulsion (worn)
 v - a +0 pair of gloves (worn)
Magical Staves
 m - a staff of death
Wands
 j - a wand of polymorph (3)
Scrolls
 l - a scroll of blinking {unknown}
 n - a scroll of teleportation
Potions
 d - a potion of might
 o - a potion of curing {unknown}
 s - a potion of heal wounds
 t - a potion of attraction {unknown}


   Skills:
 + Level 4.4 Fighting
 + Level 0.7 Short Blades
 + Level 4.1(4.4) Axes
 + Level 2.2(3.7) Maces & Flails
 + Level 0.1(1.3) Staves
 + Level 4.9 Armour
 + Level 1.7 Dodging
 + Level 5.7 Shields


You had 2 spell levels left.
You knew the following spells:

 Your Spells              Type           Power      Damage    Failure   Level
a - Summon Ice Beast      Ice/Summ       0%         N/A       100%        4

Your spell library contained the following spells:

 Spells                   Type           Power      Damage    Failure   Level
 Magic Dart               Conj           0%         1d3       98%         1
 Call Imp                 Summ           0%         N/A       99%         2
 Frozen Ramparts          Ice            0%         1d2       100%        3
 Mephitic Cloud           Conj/Pois/Air  0%         N/A       100%        3
 Ice Form                 Ice/Tmut       0%         N/A       100%        4


Dungeon Overview and Level Annotations

Branches:
Dungeon (5/15)             Temple (1/1) D:5

Altars:
Ashenzari
Cheibriados
Dithmenos
Gozag
Hepliaklqana
Kikubaaqudgha
Makhleb
Nemelex Xobeh
Okawaru
Qazlal
Ru
Sif Muna
Uskayaw
Vehumet
Wu Jian
Xom
Yredelemnul
Zin
The Shining One

Annotations:
D:5 Grum


Innate Abilities, Weirdness & Mutations

You are immune to sickness and miasma.
Your stone body is resilient. (AC +4)
You are immune to poison.
You resist negative energy. (rN+)
You are resistant to electric shocks. (rElec)
You are resistant to unholy torment.
You are immune to petrification.


Message History

You open the large door.
Grum the Hunter comes into view.
He is wielding a +0 glaive of distortion and carrying a wand of digging (3).
Grum growls angrily.
Grum zaps a wand.
You hear a grinding noise.
Grum barely misses you.
There is a large open door here.
You block Grum's attack.
You hit Grum but do no damage. Lightning courses through Grum!
Grum is lightly wounded.
You block Grum's attack.
You hit Grum.
Grum is moderately wounded.
You block Grum's attack.
Grum hits you with a +0 glaive of distortion!
Space bends around you.
You closely miss Grum.
Grum is moderately wounded.
You block Grum's attack.
You slash Grum!
Grum is heavily wounded.
You block Grum's attack.
You hit Grum.
Grum is heavily wounded.
You block Grum's attack.
Grum hits you with a +0 glaive of distortion!
Space warps horribly around you!
* * * LOW HITPOINT WARNING * * *
Your shield prevents you from hitting Grum.
Grum is heavily wounded.
Grum barely misses you.
Your shield prevents you from hitting Grum.
Grum is heavily wounded.
Grum barely misses you.
You barely miss Grum.
Grum is heavily wounded.
You block Grum's attack. Grum hits you but does no damage.
Space warps horribly around you!
You die...
Your body rises from the dead as a mindless zombie.

#.##
#...............#...........
###
#...###.........##..........
#..#####........###.........
#.##...##.......# ####......
#.##...##......†# ##......
#.##...##..##...#####.)))...
##..#'''#..####........).....
#..........'..##..#####......
#..........'@g##..# ##.....
#..........#.##...# ##....
#...........##....# #..#.
#.................# #####
#.................# #
########.########## .# .# ##


You could see Grum.

Vanquished Creatures
  An ice beast (D:5)
  2 scorpions (D:5)
  5 hounds
  An orc priest (D:4)
  2 iguanas
  Natasha (thrice) (D:4)
  3 orc wizards (D:5)
  6 gnolls
  2 adders (D:2)
  An ufetubus (D:4)
  3 worms (D:2)
  A dart slug (D:3)
  14 orcs
  4 bats
  5 endoplasms
  3 giant cockroaches
  6 goblins
  5 hobgoblins
  3 jackals (D:5)
  13 kobolds
  A quokka (D:1)
  10 ball pythons
  2 frilled lizards (D:1)
  3 rats
99 creatures vanquished.

Notes
Turn   | Place    | Note
-------+----------+-------------------------------------------
     0 | D:1      | cbfl8 the Gargoyle Fighter began the quest for the Orb.
     0 | D:1      | Reached XP level 1. HP: 14/14 MP: 1/1
   240 | D:1      | Reached XP level 2. HP: 19/19 MP: 2/2
  1455 | D:1      | Reached XP level 3. HP: 23/23 MP: 3/3
  2380 | D:2      | Found a glowing silver altar of Zin.
  2785 | D:2      | Reached skill level 4 in Shields
  2785 | D:2      | Reached XP level 4. HP: 24/28 MP: 4/4
  3385 | D:3      | Reached skill level 1 in Axes
  3388 | D:3      | Reached XP level 5. HP: 15/33 MP: 5/5
  3428 | D:3      | Learned a level 4 spell: Summon Ice Beast
  3475 | D:4      | Noticed Natasha
  3481 | D:4      | Killed Natasha
  3770 | D:4      | Reached skill level 1 in Dodging
  3784 | D:4      | Noticed Natasha
  3786 | D:4      | Reached XP level 6. HP: 32/38 MP: 6/6
  3798 | D:4      | Killed Natasha
  3951 | D:4      | Noticed Natasha
  3959 | D:4      | Identified a scroll of acquirement
  3975 | D:4      | Acquired a +2 cloak of preservation
  3990 | D:4      | Killed Natasha
  4712 | D:5      | Entered Level 5 of the Dungeon
  4745 | D:5      | Reached skill level 5 in Shields
  4947 | D:5      | Reached XP level 7. HP: 36/43 MP: 7/7
  5496 | D:5      | Found a staircase to the Ecumenical Temple.
  5554 | Temple   | Entered the Ecumenical Temple
  5696 | Temple   | Became a worshipper of Qazlal Stormbringer
  5859 | Temple   | Fell from the grace of Qazlal
  5859 | Temple   | Became a worshipper of Yredelemnul the Dark
  5989 | D:5      | Noticed Grum
  6000 | D:5      | Slain by Grum

Illustrated notes

Levels and vault maps discovered:
D:1:      dpeg_arrival_three_same_balls, layout_basic, minmay_unequal
D:2:      layout_loops_cross, basic_altar
D:3:      layout_loops_cross, serial_shops, shop_fountains, minivault_14,
          chequers_serial_rivers_micro_a, st_stairs_8, hangedman_glass_garden
D:4:      layout_basic, uniq_natasha
D:5:      layout_cave_pools, minmay_temple_entry_stoned_glass,
          ebering_ghost_disaster_area, serial_gnoll_camp, grums_kennel,
          gnoll_camp_mini_house, gnoll_camp_mini_sergeant, gnoll_camp_medium_02,
          uniq_eustachio
Temple:   hc_temple_tempest_star

Skill      XL: |  1  2  3  4  5  6  7 |
---------------+----------------------+-----
Shields        | 4 5 |  5.7
Armour         | 4 |  4.9
Axes           | 1 2 3 4 |  4.1
Fighting       | 4 |  4.4
Dodging        | 1 |  1.7
Short Blades   | |  0.7
Maces & Flails | |  2.2
Staves         | |  0.1

Action                   |  1- 3 |  4- 6 |  7- 9 || total
-------------------------+-------+-------+-------++-------
Melee: Dagger            |   155 |       |       ||   155
       Flail             |     4 |       |       ||     4
       Staff             |    36 |       |       ||    36
       Hand axe          |     5 |   106 |    54 ||   165
  Use: Potion            |     1 |     3 |       ||     4
       Scroll            |       |     8 |       ||     8
Armor: Scale mail        |    92 |    84 |    31 ||   207
       Skin              |       |     3 |       ||     3
Dodge: Dodged            |    59 |    60 |    27 ||   146
       Repelled          |       |     1 |     2 ||     3
Block: Kite shield       |   102 |   100 |    45 ||   247
